 Dungeon Sprint DCSS version 0.13-a0-2995-g9a84c3d (webtiles) character file.

900000 Misa the Sensei (level 12, -17/80 HPs)
             Began as a Gargoyle Monk on Sept 8, 2013.
             Was a Believer of Makhleb.
             Demolished by a meat berserker
             ... wielding a +9,+9 battleaxe
              (58 damage)
             ... in the Dungeon (Sprint VIII: "Arena of Blood").
             The game lasted 00:00:26 (9 turns).

Misa the Sensei (Gargoyle Monk)                        Turns: 9, Time: 00:00:26

HP -17/80        AC 10     Str 16      XL: 12   Next: 85%
MP  11/11        EV 21     Int 11      God: Makhleb [**....]
Gold 0           SH  0     Dex 16      Spells:  0 memorised, 11 levels left

Res.Fire  : . . .   See Invis. : .   i - +∞ Axe of Woe
Res.Cold  : . . .   Warding    : .   a - +0 robe
Life Prot.: + . .   Conserve   : .   (no shield)
Res.Poison: +       Res.Corr.  : .   (no helmet)
Res.Elec. : +       Clarity    : .   (no cloak)
Sust.Abil.: . .     Spirit.Shd : .   (no gloves)
Res.Mut.  : .       Prev.Telep.: +   (no boots)
Res.Rott. : +       Flight     : .   (no amulet)
Saprovore : . . .                    (no ring)
                                     (no ring)

@: somewhat resistant to hostile enchantments, quite stealthy
A: fangs 1, talons 2, life protection 1, electricity resistance, slow metabolism
1, unbreathing, petrification resistance, AC +8
a: Minor Destruction, Renounce Religion


You were in the Dungeon.
You worshipped Makhleb.
Makhleb was most pleased with you.
You were not hungry.

You visited 1 branch

Inventory:

Hand weapons
 i - the +∞,+∞ Axe of Woe (weapon)
   (You found it in the Dungeon)
Armour
 a - a +0 robe (worn)
Comestibles
 b - a bread ration
Scrolls
 h - a scroll of blinking
Potions
 c - a potion of curing
 d - a potion of heal wounds
 e - a potion of speed
 f - 2 potions of magic
 g - a potion of berserk rage


   Skills:
 + Level 16.2 Fighting
 + Level 12.9 Dodging
 + Level 7.4 Stealth
 + Level 23.9 Unarmed Combat


You had 11 spell levels left.
You didn't know any spells.

Dungeon Overview and Level Annotations

Branches:
Dungeon (1/1)

Altars:
Makhleb


Innate Abilities, Weirdness & Mutations

You are resistant to torment.
You are immune to poison.
Your stone body is very resilient (AC +8).
You have very sharp teeth.
You have razor-sharp toenails.
You resist negative energy.
You are resistant to electric shocks.
You have a slow metabolism.
You can survive without breathing.
You are immune to petrification.


Message History

You hear a shout! 3 orcs and an ogre come into view.
You cleave the bag of meat in twain.
You kill the bag of meat!
Makhleb accepts your kill.
You feel a little better.
Your Fighting skill gained 2 levels and is now at level 16!
Your Dodging skill increases to level 12!
Your Stealth skill increases to level 7!
Your Unarmed Combat skill gained 2 levels and is now at level 23!
You have reached level 12!
Your experience leads to an increase in your attributes!
Increase (S)trength, (I)ntelligence, or (D)exterity?
You feel agile.
You feel stronger.
You hear a shout!
The meat berserker hits you with a +9,+9 battleaxe!
You hear a shout!
The meat berserker hits you with a +9,+9 battleaxe!
Ouch! That really hurt!
You die...

#... .# . #... ..#
..###... ..###.
...o...o###......
.#........_......
.......#.....#
.......#_.<._#
#.......#O....#..
#....)@O._......
........o)###......
....###.... ..###.
... #.......# .
#o......# .........
....... .o...o ...


You could see 2 meat berserkers and 6 bags of meat.

Vanquished Creatures
  2 orcs (D)
2 creatures vanquished.

Notes
Turn   | Place    | Note
--------------------------------------------------------------
     0 | D        | Misa, the Gargoyle Monk, began the quest for the Orb.
     0 | D        | Reached XP level 1. HP: 12/12 MP: 0/0
     4 | D        | Became a worshipper of Makhleb the Destroyer
     4 | D        | Acquired Makhleb's first power
     4 | D        | Acquired Makhleb's second power
     5 | D        | Noticed a bag of meat
     6 | D        | Noticed a meat berserker
     6 | D        | Noticed a bag of meat
     6 | D        | Noticed a bag of meat
     7 | D        | Noticed a bag of meat
     8 | D        | Killed a bag of meat
     8 | D        | Reached skill level 14 in Fighting
     8 | D        | Reached skill level 21 in Unarmed Combat
     8 | D        | Reached XP level 2. HP: 18/20 MP: 1/1
     8 | D        | Reached XP level 3. HP: 22/25 MP: 2/2
     8 | D        | Reached XP level 4. HP: 28/32 MP: 3/3
     8 | D        | Reached XP level 5. HP: 31/36 MP: 4/4
     8 | D        | Reached XP level 6. HP: 37/43 MP: 5/5
     8 | D        | Reached XP level 7. HP: 41/48 MP: 6/6
     8 | D        | Reached XP level 8. HP: 46/55 MP: 7/7
     8 | D        | Reached XP level 9. HP: 50/60 MP: 8/8
     8 | D        | Reached XP level 10. HP: 55/66 MP: 9/9
     8 | D        | Reached XP level 11. HP: 60/72 MP: 10/10
     9 | D        | Noticed a bag of meat
     9 | D        | Noticed a bag of meat
     9 | D        | Noticed a bag of meat
     9 | D        | Noticed a meat berserker
     9 | D        | Killed a bag of meat
     9 | D        | Reached skill level 23 in Unarmed Combat
     9 | D        | Reached XP level 12. HP: 63/80 MP: 11/11
     9 | D        | Demolished by a meat berserker

Action                   |  1- 3 |  4- 6 |  7- 9 | 10-12 || total
-------------------------+-------+-------+-------+-------++-------
Melee: Executioner's axe |     1 |       |       |     1 ||     2
